 Dungeon Crawl Stone Soup version 0.27-a0-492-ga4bb394fd4 (webtiles) character file.

Game seed: 3725218896511132848

238 Morbidden the Insei (level 6, -11/40 HPs)
             Began as an Octopode Transmuter on Mar 2, 2021.
             Mangled by an ogre
             ... wielding a +0 giant club
              (21 damage)
             ... on level 4 of the Dungeon.
             The game lasted 00:04:12 (4078 turns).

Morbidden the Insei (Octopode Transmuter)           Turns: 4078, Time: 00:04:12

Health: -11/40     AC:  3    Str: 10    XL:     6   Next: 7%
Magic:  7/9        EV: 14    Int: 17    God:
Gold:   122        SH:  5    Dex: 12    Spells: 6/10 levels left

rFire    . . .     SeeInvis .     - Unarmed
rCold    . . .     Faith    .   (no shield)
rNeg     + . .     Spirit   .   (helmet currently unavailable)
rPois    .         Reflect  +   h - amulet of reflection
rElec    .         Harm     .   e - ring of positive energy
rCorr    .         Rampage  .   (no ring)
Will     .....                  (no ring)
Stlth    +++.......             (no ring)
HPRegen  0.13/turn              (no ring)
MPRegen  0.11/turn              (no ring)
                                (no ring)
                                (no ring)

@: appendages (expiring), very slightly contaminated
A: almost no armour, stealthy swim, amphibious, 8 rings, constrict 8, tentacle
spike 3, molten scales 1, camouflage 1, sense surroundings 1, wild magic 1,
gelatinous body 1
a: End Transformation


You were on level 4 of the Dungeon.
One of your tentacles had a temporary spike.
You visited 1 branch of the dungeon, and saw 4 of its levels.

You collected 122 gold pieces.

Inventory:

Jewellery
 e - a ring of positive energy (left tentacle)
 h - an amulet of reflection (around mantle)
Wands
 i - a wand of paralysis (7)
 n - a wand of polymorph (11)
Scrolls
 a - 4 scrolls of identify {unknown}
 d - 4 scrolls of teleportation {unknown}
 f - a scroll of enchant weapon {unknown}
 g - a scroll of random uselessness {unknown}
 l - a scroll of blinking {unknown}
Potions
 b - 2 potions of mutation
 c - 2 potions of curing
 j - a potion of brilliance {unknown}
 k - 2 potions of degeneration {unknown}
 m - a potion of attraction {unknown}


   Skills:
 * Level 2.3 Fighting
 * Level 2.8 Dodging
 + Level 2.8 Stealth
 + Level 4.1 Unarmed Combat
 * Level 2.6 Spellcasting
 * Level 2.7 Transmutations
 * Level 1.7 Poison Magic


You had 6 spell levels left.
You knew the following spells:

 Your Spells              Type           Power        Failure   Level
a - Beastly Appendage     Tmut           28%          10%         1
b - Spider Form           Tmut/Pois      6%           30%         3

Your spell library contained the following spells:

 Spells                   Type           Power        Failure   Level
 Wereblood                Tmut           14%          13%         2
 Animate Skeleton         Necr           4%           26%         1
 Apportation              Tloc           4%           26%         1
 Corona                   Hex            2%           26%         1
 Magic Dart               Conj           8%           26%         1
 Summon Small Mammal      Summ           8%           26%         1
 Blink                    Tloc           N/A          36%         2
 Call Imp                 Summ           2%           36%         2
 Slow                     Hex            2%           36%         2
 Mephitic Cloud           Conj/Pois/Air  5%           47%         3
 Conjure Flame            Conj/Fire      2%           58%         3
 Ice Form                 Ice/Tmut       8%           78%         4
 Blade Hands              Tmut           7%           90%         5


Dungeon Overview and Level Annotations

Branches:
Dungeon (4/15)
 Temple: D:4-7

Altars:
Fedhas
Makhleb
Uskayaw

Shops:
D:4 (

Annotations:
D:2 1 runed translucent door, Crazy Yiuf
D:3 1 runed translucent door, mastekator's ghost, amateur SpEn


Innate Abilities, Weirdness & Mutations

You cannot wear most types of armour.
You are very stealthy in the water. (Stealth+)
You are amphibious.
You can wear up to eight rings at the same time.
You can use your tentacles to constrict eight enemies at once.
Your skin changes colour to match your surroundings (Stealth+).
Your rubbery body absorbs attacks. (AC +1, EV +1)
One of your tentacles bears a large vicious spike.
You are partially covered in molten scales. (AC +2)
You passively map a small area around you.
Your spells are a little harder to cast, but a little more powerful.


Message History

An ogre is nearby!
A worker ant comes into view.
Found a hide-covered altar of Uskayaw.
Casting: Beastly Appendage (safe; 10% risk of failure)
Confirm with . or Enter, or press ? or * to list all spells.
You miscast Beastly Appendage.
You are very lightly contaminated with residual magic.
Nothing appears to happen.
Unknown command.
Casting: Beastly Appendage (safe; 10% risk of failure)
Confirm with . or Enter, or press ? or * to list all spells.
One of your tentacles grows a vicious spike.
Your transformation is almost over.
Unknown command.
You tentacle-slap the ogre.
The ogre is moderately wounded.
The ogre closely misses you.
Unknown command.
You bludgeon the ogre!
The ogre is heavily wounded.
The worker ant closely misses you.
The ogre hits you with a +0 giant club!!
Ouch! That really hurt!
Unknown command.
You bludgeon the ogre!
The ogre is severely wounded.
You block the worker ant's attack.
Unknown command.
You tentacle-slap the ogre but do no damage.
You pierce the ogre.
The ogre is almost dead.
You block the ogre's attack. The worker ant bites you.
Unknown command.
You barely miss the ogre.
The ogre is almost dead.
The worker ant bites you.
* * * LOW HITPOINT WARNING * * *
The ogre hits you with a +0 giant club!!
Ouch! That really hurt!
You die...

** ....... * * 8.8.8..
.......* * .......
.!..... ,
_).....######### ,
.........##....# ,
......O@.....#.## ,
......B.......(.##
,8.8.8............####
.................##.####
,
........................
....................P.P.
....................._..
,
........#####.....>.P.P.
,,, ##.......#...*
#...........


You could see an ogre and a worker ant.

Vanquished Creatures
  A scorpion (D:4)
  A hound skeleton (D:4)
  10 adders
  2 worms (D:2)
  4 leopard geckos
  4 orcs
  9 bats
  A giant cockroach (D:1)
  6 hobgoblins
  6 jackals
  2 quokkas
  3 ball pythons (D:3)
  3 frilled lizards
  9 goblins
  9 kobolds
  9 rats
79 creatures vanquished.

Notes
Turn   | Place    | Note
-------+----------+-------------------------------------------
     0 | D:1      | Morbidden the Octopode Transmuter began the quest for the
                  | Orb.
     0 | D:1      | Reached XP level 1. HP: 13/13 MP: 3/3
   195 | D:1      | Reached XP level 2. HP: 10/18 MP: 5/5
  1483 | D:1      | Reached XP level 3. HP: 22/23 MP: 6/6
  1696 | D:2      | Gained mutation: You are partially covered in molten
                  | scales. (AC +2) [potion of mutation]
  1696 | D:2      | Gained mutation: Your spells are a little harder to cast,
                  | but a little more powerful. [potion of mutation]
  1696 | D:2      | Gained mutation: You passively map a small area around you.
                  | [potion of mutation]
  1931 | D:2      | Reached skill level 1 in Stealth
  2097 | D:2      | Found a runed translucent door.
  2098 | D:2      | Noticed Crazy Yiuf
  2136 | D:2      | Reached XP level 4. HP: 21/29 MP: 7/7
  2330 | D:2      | Learned a level 3 spell: Spider Form
  2949 | D:3      | Found a burning altar of Makhleb.
  3035 | D:3      | Found a runed translucent door.
  3035 | D:3      | Noticed mastekator's ghost (amateur SpEn)
  3141 | D:3      | Reached XP level 5. HP: 29/34 MP: 8/8
  3225 | D:3      | Found a faded altar of an unknown god.
  3787 | D:4      | Reached skill level 4 in Unarmed Combat
  3787 | D:4      | Reached skill level 1 in Poison Magic
  3880 | D:4      | Reached XP level 6. HP: 30/39 MP: 7/9
  4015 | D:4      | Found Typearis's Weapon Boutique.
  4039 | D:4      | Found a blossoming altar of Fedhas.
  4070 | D:4      | Found a hide-covered altar of Uskayaw.
  4078 | D:4      | Mangled by an ogre

Illustrated notes

Levels and vault maps discovered:
D:1:      kennysheep_arrival_forest, layout_basic
D:2:      minmay_diamond_boxcup, layout_rooms, uniq_crazy_yiuf_cottage
D:3:      layout_rooms, nicolae_overflow_crystal_walls, gammafunk_ghost_grave,
          chequers_ecumenical_altar_simple
D:4:      layout_cave_pools, eat_drink_and_be_merry_uskayaw, fedhas_altar_1,
          serial_shops, nicolae_shop_temple_entry_statues_fountains,
          uniq_blork_the_orc

Skill      XL: |  1  2  3  4  5 |
---------------+----------------+-----
Stealth        | 1 2 |  2.8
Fighting       | 2 |  2.3
Unarmed Combat | 4 |  4.1
Poison Magic   | 1 |  1.7
Dodging        | |  2.8
Spellcasting   | |  2.6
Transmutations | |  2.7

Action                   |  1- 3 |  4- 6 || total
-------------------------+-------+-------++-------
Melee: Unarmed           |    69 |   115 ||   184
       Constrict         |    23 |    31 ||    54
       Punch             |     3 |       ||     3
       Kick              |     2 |     4 ||     6
       Tentacles         |     9 |    22 ||    31
 Cast: Beastly Appendage |     3 |    12 ||    15
  Use: Potion            |     2 |       ||     2
 Stab: Sleeping          |     5 |    10 ||    15
       Distracted        |     1 |       ||     1
Armor: Skin              |     7 |    20 ||    27
Dodge: Dodged            |    41 |    60 ||   101
Block: Other             |       |     6 ||     6

Table legend: (Time is in decaauts)
 A = Elapsed time spent in this place.
 B = Non-inter-level travel time spent in this place.
 C = Inter-level travel time spent in this place.
 D = Time resting spent in this place.
 E = Time spent auto-exploring this place.
 F = Levels seen in this place.
 G = Mean time per level.
                   A        B        C        D        E       F      G
               +--------+--------+--------+--------+--------+-----+--------+
         Total |   4062 |   3995 |     67 |    720 |   2753 |   4 | 1015.5 |
       Dungeon |   4062 |   3995 |     67 |    720 |   2753 |   4 | 1015.5 |
               +--------+--------+--------+--------+--------+-----+--------+

Top non-repeatable levels by time:
     D:1: 1670 daAuts
     D:2: 1261 daAuts
     D:3: 834 daAuts
     D:4: 296 daAuts
